 Dungeon Crawl Stone Soup version 0.32-a0-314-g526f7d4993 (webtiles) character file.

Game seed: 16466347451971080376

107 Sobieck the Shield-Bearer (level 4, 0/44 HPs)
             Began as a Troll Fighter on Feb 15, 2024.
             Was an Initiate of Cheibriados.
             Frozen to death by an endoplasm (4 damage)
             ... on level 2 of the Dungeon.
             The game lasted 00:03:02 (905 turns).

Sobieck the Shield-Bearer (Troll Fighter)            Turns: 905, Time: 00:03:03

Health: 0/44       AC:  4    Str: 25    XL:     4   Next: 57%
Magic:  3/3        EV:  9    Int:  7    God:    Cheibriados [......]
Gold:   55         SH:  8    Dex: 10    Spells: 3/3 levels left

rFire   . .          .
                       - Unarmed
rCold   . . .        b - +0 kite shield
rNeg    . . .        a - +0 robe
rPois   .            (helmet currently unavailable)
rElec   .            f - melded +0 cloak
rCorr   .            (gloves unavailable)
SInv    .            (boots unavailable)
Will    .....        (no amulet)
Stlth   +            (no ring)
HPRegen 1.07/turn    (no ring)
MPRegen 0.08/turn

%: no passive effects
@: mighty, beast-form, very slow
A: beast (slay +1), large, unfitting armour, claws 3, regeneration 1, shaggy fur
1, tough skin 1
a: Begin Untransformation, Renounce Religion


You were on level 2 of the Dungeon.
You worshipped Cheibriados.
Cheibriados was noncommittal.
You were a hulking beast.
You visited 1 branch of the dungeon, and saw 2 of its levels.

You collected 55 gold pieces.

Inventory:

Missiles
 j - 16 stones (quivered)
Armour
 a - a +0 robe (worn)
 b - a +0 kite shield (worn)
 f - a +0 cloak (melded)
Talismans
 i - a beast talisman (active)
Scrolls
 d - a scroll of noise {unknown}
 e - a scroll of immolation {unknown}
 h - a scroll of vulnerability {unknown}
 l - a scroll of fog {unknown}
 m - a scroll of blinking {unknown}
Potions
 g - a potion of curing {unknown}
 k - a potion of degeneration {unknown}
 n - 3 potions of magic {unknown}


   Skills:
 - Level 2.8 Fighting
 - Level 2.7 Dodging
 - Level 3.0 Shields
 - Level 3.0 Unarmed Combat
 + Level 2.1 Shapeshifting


You had 3 spell levels left.
You didn't know any spells.
Your spell library was empty.

Dungeon Overview and Level Annotations

Branches:
Dungeon (2/15)

Altars:
Cheibriados

Shops:
D:1 =


Innate Abilities, Weirdness & Mutations

You are a hulking beast.
Your limbs bulge with bestial killing power. (Slay +1)
You are too large for most types of armour.
You have claws for hands.
Your natural rate of healing is unusually fast.
You are covered in fur. (AC +1)
You have tough skin. (AC +1)


Message History

The orc priest is lightly wounded.
You block the orc priest's attack. The orc barely misses you.
Unknown command.
You barely miss the orc priest.
The orc priest is lightly wounded.
The endoplasm hits you but does no damage.
The orc priest invokes the aid of Beogh against you.
Pain shoots through your body!
* * * LOW HITPOINT WARNING * * *
The orc barely misses you.
Unknown command.
You scratch the orc priest.
The orc priest is lightly wounded.
The endoplasm freezes you.
You are frozen.
* * * LOW HITPOINT WARNING * * *
The orc priest hits you with a +0 short sword.
* * * LOW HITPOINT WARNING * * *
You block the orc's attack.
Unknown command.
You scratch the orc priest.
The orc priest is heavily wounded.
The endoplasm freezes you.
You are frozen.
* * * LOW HITPOINT WARNING * * *
You block the orc priest's attack. The orc closely misses you.
Unknown command.
You feel very mighty all of a sudden. The endoplasm hits you.
* * * LOW HITPOINT WARNING * * *
The orc priest hits you with a +0 short sword.
* * * LOW HITPOINT WARNING * * *
You block the orc's attack.
Unknown command.
You barely miss the orc priest.
The orc priest is heavily wounded.
The orc priest hits you with a +0 short sword.
* * * LOW HITPOINT WARNING * * *
The endoplasm freezes you.
You are frozen.
* * * LOW HITPOINT WARNING * * *
You block the orc's attack.
Unknown command.
You claw the orc priest!
You kill the orc priest!
Cheibriados appreciates the change of pace.
The endoplasm freezes you.
You are frozen.
You die...
Cheibriados appreciates the motionlessness of death.

########## #........##
#....?#.# #######
#.#)h.#..######.....#
#.J)#...##..........
....o##....#####..####.
#....$##....#####.######
###!# #.^#..##..).......
#.. #.#.#.##...#######
... #..#..###.### # ..
#....##.....# #
#....##.....###


You could see an orc and an endoplasm.

Vanquished Creatures
  2 orc priests (D:2)
  2 dart slugs
  A ribbon worm (D:2)
  An orc (D:2)
  6 endoplasms
  A giant cockroach (D:1)
  5 goblins
  4 hobgoblins
  4 kobolds
  A quokka (D:2)
  4 ball pythons (D:1)
  4 bats
  2 frilled lizards (D:1)
  3 rats
40 creatures vanquished.

Notes
Turn   | Place    | Note
-------+----------+-------------------------------------------
     0 | D:1      | Sobieck the Troll Fighter began the quest for the Orb.
     0 | D:1      | Reached XP level 1. HP: 22/22 MP: 0/0
    79 | D:1      | Reached XP level 2. HP: 29/29 MP: 1/1
   142 | D:1      | Found Tusijuj's Jewellery Boutique.
   268 | D:1      | Reached XP level 3. HP: 35/36 MP: 2/2
   326 | D:1      | Reached skill level 3 in Shields
   694 | D:2      | Reached skill level 3 in Unarmed Combat
   751 | D:2      | Reached XP level 4. HP: 44/44 MP: 3/3
   799 | D:2      | Found a snail-covered altar of Cheibriados.
   805 | D:2      | Reached skill level 1 in Shapeshifting
   815 | D:2      | Became a worshipper of Cheibriados the Contemplative
   905 | D:2      | Frozen to death by an endoplasm

Illustrated notes

Levels and vault maps discovered:
D:1:      roderic_chinese_lattice_arrival, layout_basic, serial_shops,
          shop_fountains, st_stairs_4, minmay_door_square
D:2:      layout_rooms, basic_altar, hangedman_decor_slide_cut

Skill      XL: |  1  2  3  4 |
---------------+-------------+-----
Shields        | 3 |  3.0
Unarmed Combat | 3 |  3.0
Shapeshifting  | 2 |  2.1
Fighting       | |  2.8
Dodging        | |  2.7

Action                     |  1- 3 |  4- 6 || total
---------------------------+-------+-------++-------
  Melee: Unarmed           |    76 |    25 ||   101
    Use: Potion            |       |     1 ||     1
 Armour: Robe              |    28 |     9 ||    37
  Dodge: Dodged            |    32 |     9 ||    41
  Block: Kite shield       |    23 |    22 ||    45
   Form: Beast             |     1 |       ||     1

Table legend: (Time is in decaauts)
 A = Elapsed time spent in this place.
 B = Non-inter-level travel time spent in this place.
 C = Inter-level travel time spent in this place.
 D = Time resting spent in this place.
 E = Time spent auto-exploring this place.
 F = Levels seen in this place.
 G = Mean time per level.
                   A        B        C        D        E       F      G
               +--------+--------+--------+--------+--------+-----+--------+
         Total |    931 |    899 |     32 |      4 |    633 |   2 |  465.5 |
       Dungeon |    931 |    899 |     32 |      4 |    633 |   2 |  465.5 |
               +--------+--------+--------+--------+--------+-----+--------+

Top non-repeatable levels by time:
     D:1: 663 daAuts
     D:2: 267 daAuts
